 Dungeon Crawl Stone Soup version 0.28.0 (console) character file.

Game seed: 7493636062398787167

127064 jejorda2 the Warrior (level 17, -5/156 HPs)
             Began as a Vine Stalker Berserker on Feb 17, 2022.
             Was a High Priest of Trog.
             Slain by a jumping spider (8 damage)
             ... on level 1 of the Spider Nest.
             The game lasted 01:32:21 (26144 turns).

jejorda2 the Warrior (Vine Stalker Berserker)      Turns: 26144, Time: 01:32:22

Health: -5/156     AC: 29    Str: 25    XL:     17   Next: 0%
Magic:  0/18       EV: 12    Int: 11    God:    Trog [*****.]
Gold:   1719       SH: 13    Dex: 17    Spells: 16/16 levels left

rFire   + + .      SeeInvis +   a - +11 quick blade (vamp)
rCold   + + .      Faith    +   V - +0 kite shield {rC+}
rNeg    . . .      Spirit   +   k - +4 plate armour {rF+}
rPois   +          Reflect  .   o - +2 helmet
rElec   .          Harm     .   n - +1 cloak {rF+}
rCorr   .          Rampage  .   L - +2 pair of gloves
Will    ++++.                   X - +1 pair of boots "Nadejuts" {Regen+ Stlth+}
Stlth   ..........              j - amulet of Pisk {Faith rC+ Int+4}
HPRegen 2.96/turn               Y - ring of poison resistance
MPRegen 0.16/turn               G - ring of see invisible

@: berserking, strong-willed, regenerating, very quick
A: fangs 3, regeneration 1, magic shield, antimagic bite, no potion heal 2
a: Renounce Religion, Berserk, Trog's Hand, Brothers in Arms


You were on level 1 of the Spider Nest.
You worshipped Trog.
Trog was extremely pleased with you.
You visited 4 branches of the dungeon, and saw 24 of its levels.
You also visited: Bailey and Volcano.

You collected 3534 gold pieces.
You spent 1815 gold pieces at shops.

Inventory:

Hand Weapons
 a - a +11 vampiric quick blade (weapon)
 M - the +4 trident of Absolution {spect, Fly Str+3}
   (You found it on level 10 of the Dungeon)

   When its wielder attacks, the weapon's spirit leaps out and strikes again.
   The spirit shares a part of any damage it takes with its wielder.
   Str:       It affects your strength (+3).
   Fly:       It grants you flight.
Missiles
 h - 793 stones
 q - 28 poisoned darts (quivered)
 v - 3 throwing nets
 w - 8 boomerangs
 A - 6 silver javelins
 D - 2 javelins
 P - 3 boomerangs of dispersal
 W - a curare-tipped dart
Armour
 k - a +4 plate armour of fire resistance (worn)
 n - a +1 cloak of fire resistance (worn)
 o - a +2 helmet (worn)
 L - a +2 pair of gloves (worn)
 V - a +0 kite shield of cold resistance (worn)
 X - the +1 pair of boots "Nadejuts" (worn) {Regen+ Stlth+}
   (You bought it in a shop on level 2 of the Orcish Mines)

   Regen:     It increases your rate of health regeneration.
   Stlth:     It makes you more stealthy.
Jewellery
 j - the amulet of Pisk (around neck) {Faith rC+ Int+4}
   (You bought it in a shop on level 2 of the Orcish Mines)

   [amulet of faith]

   It allows you to gain divine favour quickly.
   Int:       It affects your intelligence (+4).
   rC:        It protects you from cold.
 G - a ring of see invisible (right hand)
 I - a ring of resist corrosion
 J - a ring of willpower
 K - a ring of positive energy
 Y - a ring of poison resistance (left hand)
Wands
 r - a wand of polymorph (5)
 y - a wand of iceblast (22)
 C - a wand of digging (12)
 F - a wand of flame (33)
 O - a wand of charming (6)
 Q - a wand of mindburst (17)
 S - a wand of acid (3)
Scrolls
 b - 4 scrolls of fog
 c - 8 scrolls of teleportation
 e - a scroll of holy word
 g - 4 scrolls of blinking
 m - 4 scrolls of fear
 N - a scroll of magic mapping
 U - a scroll of immolation
Potions
 f - 8 potions of curing
 i - 6 potions of haste
 p - 7 potions of magic
 t - 9 potions of ambrosia
 u - 3 potions of might
 x - 2 potions of cancellation
 B - 3 potions of mutation
 E - 2 potions of berserk rage
 H - 2 potions of flight
 R - a potion of invisibility
 T - a potion of resistance


   Skills:
 + Level 17.7 Fighting
 - Level 12.0 Short Blades
 * Level 7.0 Throwing
 - Level 9.0 Armour
 - Level 12.2 Dodging
 - Level 13.0 Shields
 + Level 3.6 Evocations


You had 16 spell levels left.
You didn't know any spells.
Your spell library was empty.

Dungeon Overview and Level Annotations

Branches:
Dungeon (15/15)            Temple (0/1) D:6            Lair (6/6) D:8
 Shoals (0/4) Lair:2       Spider (1/4) Lair:2        Slime (0/5) Lair:5
    Orc (2/2) D:9             Elf (0/3) Orc:2        Vaults (0/5) D:14
 Depths (0/4) D:15         Bailey (visited)         Volcano (visited)

Altars:
Cheibriados
Dithmenos
Elyvilon
Fedhas
Gozag
Hepliaklqana
Makhleb
Okawaru
Ru
Sif Muna
Uskayaw
Xom
The Shining One
Beogh

Shops:
D:1 ?=   D:4 ?   D:15 !   Orc:2 **[=(

Annotations:
Lair:1 2 transporters, exclusions: ice statue and oklob plant, browni3141's ghost, journeyman MiBe
Spider:1 1 runed translucent door, Asterion; BobtheApe's ghost, journeyman FeSu


Innate Abilities, Weirdness & Mutations

You have razor-sharp teeth.
Your natural rate of healing is unusually fast.
When hurt, damage is shared between your health and your magic reserves.
Your bite disrupts and absorbs the magic of your enemies.
Potions cannot restore your health.


Message History

You block the spark wasp's attack.
You closely miss the spark wasp. Your bite misses the spark wasp.
The spark wasp is moderately wounded.
The spark wasp's magic is no longer disrupted.
The jumping spider pounces on you!
You are caught in a web!
The jumping spider bites you.
The web tears apart.
The spark wasp stings you!! The spark wasp shocks you!
You block the jumping spider's attack.
The jumping spider bites you but does no damage.
The spark wasp stings you but does no damage.
The jumping spider barely misses you. You block the jumping spider's attack.
Asterion bellows!
You hit the spark wasp.
You feel better.
Your bite misses the spark wasp.
The spark wasp is moderately wounded.
Your stone giant goes berserk!
You block the spark wasp's attack. The jumping spider pounces on you.
The jumping spider bites you but does no damage.
The jumping spider closely misses you. You block the jumping spider's attack.
The spark wasp stings you. The spark wasp shocks you!
The jumping spider pounces on you but does no damage.
The jumping spider bites you.
Your skin crawls.
You feel strong-willed. You block the jumping spider's attack.
The jumping spider bites you but does no damage.
The spark wasp stings you! The spark wasp shocks you!
* * * LOW HITPOINT WARNING * * *
The jumping spider closely misses you. You block the jumping spider's attack.
Your stone giant hits the jumping spider!!!
The jumping spider dies!
Trog accepts your kill.
Your Throwing skill increases to level 7!
You have reached level 17!
A red film seems to cover your vision as you go berserk!
You feel yourself moving faster!
You feel mighty! The spark wasp stings you!!
* * * LOW HITPOINT WARNING * * *
The spark wasp shocks you!
* * * LOW HITPOINT WARNING * * *
The jumping spider pounces on you!
You die...

## #.## ##..###
#.....####### #
#.#....#^##@#..###
#..:......y.s.....#
##(.....[.#C#.#.^##
###))..##.#...H. ..
#...#......#.#...
##.#>#.#..#.^......s
####.....^#..#...#.#..#
##..#^..#...#.>#....#...
#...>#..#...#.....s.H


You could see Asterion, a spark wasp, 2 jumping spiders and a friendly stone
giant (summoned, berserk).

Vanquished Creatures
  Rupert (D:12)
  A ghost moth (Spider:1)
  A dire elephant (Lair:6)
  Snorg (D:12)
  A fire dragon (Volcano)
  3 boulder beetles
  2 catoblepae
  Fannar (D:12)
  3 vault guards (D:14)
  5 ogre magi
  15 hydras
  The ghost of Barbarella the Basher, a novice MiBe of Trog (D:9)
  A jorogumo (Spider:1)
  10 death yaks
  20 two-headed ogres
  A dancing weapon (D:9)
  2 tengu warriors
  A death knight (D:14)
  3 skeletal warriors (D:15)
  4 wizards
  3 necromancers
  A phantasmal warrior (D:14)
  A wolf spider zombie (D:15)
  2 orc knights
  2 orc sorcerers (D:15)
  4 cyclopes
  4 ugly things (D:15)
  A deep elf pyromancer (D:15)
  An oklob plant (Lair:3)
  12 slime creatures
  3 manticores
  2 salamanders (Volcano)
  7 elephants (Lair:5)
  2 moths of wrath (Spider:1)
  8 black mambas
  A naga mage (D:15)
  3 torpor snails
  4 gargoyles
  A demonic crawler (Spider:1)
  7 cane toads
  An unseen horror (D:13)
  14 komodo dragons
  A redback zombie (D:15)
  2 rime drakes (Lair:5)
  A kobold demonologist (D:13)
  3 freezing wraiths (D:14)
  An efreet (D:15)
  A merfolk (Lair:2)
  15 meliai
  7 trolls
  A queen bee (D:13)
  6 tarantellas (Spider:1)
  12 blink frogs
  10 polar bears (Lair:6)
  6 dream sheep (Lair:4)
  A blink frog (shapeshifter) (D:15)
  3 raiju (Lair:6)
  3 vampires (Bailey)
  Sigmund (D:3)
  8 jumping spiders
  3 shadows
  2 culicivoras
  18 humans (D:14)
  29 yaks
  9 fire bats (Volcano)
  2 wraiths (D:13)
  6 wyverns
  Menkaure (D:4)
  5 steam dragons
  5 vampire mosquitoes
  5 basilisks
  A golden eye (shapeshifter) (D:14)
  8 redbacks
  10 wargs
  2 acid dragons
  26 water moccasins
  Duvessa (D:4)
  12 hell hounds (Lair:6)
  23 orc warriors
  14 black bears
  2 sky beasts (D:5)
  The ghost of browni3141 the Chopper, an amateur MiBe of Trog (D:3)
  An ice beast (D:7)
  22 ogres
  3 necrophages
  9 boggarts
  29 wolves
  3 centaurs
  2 phantoms
  4 gnoll sergeants
  A wyvern zombie (D:3)
  7 bullfrogs
  A scorpion (D:7)
  Dowan (D:4)
  16 killer bees (D:13)
  6 electric eels
  8 howler monkeys
  7 vampire bats (Bailey)
  6 wolf zombies (Bailey)
  4 crimson imps (D:3)
  3 centaur zombies
  4 hounds
  A bullfrog zombie (D:3)
  2 bullfrog skeletons
  Crazy Yiuf (D:3)
  16 orc priests
  3 centaur skeletons
  A gnoll shaman (D:9)
  An iguana (D:4)
  14 orc wizards
  7 hell rats (Lair:4)
  A killer bee zombie (D:3)
  A hound skeleton (D:4)
  A howler monkey zombie (D:8)
  Robin (D:2)
  A howler monkey skeleton (D:6)
  11 adders
  23 gnolls
  15 orc zombies (Bailey)
  A shadow imp (D:5)
  A white imp (D:6)
  An ufetubus (D:7)
  7 dart slugs
  5 worms
  70 orcs
  6 bats
  11 endoplasms
  3 giant cockroaches
  20 goblins
  14 hobgoblins
  3 jackals (D:1)
  2 quokkas
  A training dummy (Orc:2)
  9 ball pythons
  2 frilled lizards
  7 kobolds
  8 rats
836 creatures vanquished.

Vanquished Creatures (collateral kills)
  4 two-headed ogres
  A salamander (Volcano)
  2 komodo dragons (Volcano)
  A jumping spider (Spider:1)
  2 fire bats (Volcano)
  6 ogres (Orc:2)
  A centaur (D:7)
  2 orcs (D:7)
19 creatures vanquished.

Vanquished Creatures (others)
  A bush (Lair:5)
  31 fungi
  99 plants
131 creatures vanquished.

Grand Total: 986 creatures vanquished

Notes
Turn   | Place    | Note
-------+----------+-------------------------------------------
     0 | D:1      | jejorda2 the Vine Stalker Berserker began the quest for the
                  | Orb.
     0 | D:1      | Reached XP level 1. HP: 11/11 MP: 2/2
   225 | D:1      | Found Hoffyg's One-of-a-Kind Rings.
   249 | D:1      | Reached XP level 2. HP: 15/16 MP: 3/3
   327 | D:1      | Found a faded altar of an unknown god.
   331 | D:1      | Found Lymoih's Magic Scroll Emporium.
   722 | D:1      | Reached XP level 3. HP: 18/19 MP: 2/4
   727 | D:1      | Reached skill level 3 in Fighting
  1145 | D:1      | Reached ** piety under Trog
  1572 | D:2      | Noticed Robin
  1580 | D:2      | Gained mutation: Your natural rate of healing is unusually
                  | fast. [Vine Stalker growth]
  1580 | D:2      | Reached XP level 4. HP: 24/24 MP: 5/5
  1590 | D:2      | Killed Robin
  1972 | D:2      | Reached XP level 5. HP: 27/28 MP: 6/6
  2339 | D:1      | Bought a scroll of identify for 28 gold pieces
  2508 | D:3      | Found a shimmering altar of Xom.
  2539 | D:3      | Reached XP level 6. HP: 30/33 MP: 7/7
  2587 | D:3      | Found a transporter.
  2588 | D:3      | Noticed browni3141's ghost (amateur MiBe)
  2651 | D:3      | Reached *** piety under Trog
  2889 | D:3      | Found a transporter.
  2960 | D:3      | Reached skill level 4 in Fighting
  2960 | D:3      | Reached skill level 5 in Short Blades
  2966 | D:3      | Reached XP level 7. HP: 37/37 MP: 8/8
  2979 | D:3      | Killed browni3141's ghost
  3079 | D:1      | Bought a scroll of teleportation for 42 gold pieces
  3144 | D:3      | Found a runed translucent door.
  3145 | D:3      | Noticed Crazy Yiuf
  3155 | D:3      | Killed Crazy Yiuf
  3454 | D:4      | Noticed Sigmund
  3468 | D:3      | Killed Sigmund
  3545 | D:4      | Gained mutation: You have razor-sharp teeth. [Vine Stalker
                  | growth]
  3545 | D:4      | Reached XP level 8. HP: 37/42 MP: 9/9
  3674 | D:4      | Noticed Dowan
  3697 | D:4      | Killed Dowan
  3701 | D:4      | Noticed Duvessa
  3711 | D:4      | Killed Duvessa
  3712 | D:4      | Reached skill level 5 in Fighting
  3788 | D:4      | Found a burning altar of Makhleb.
  3869 | D:4      | Found a sacrificial altar of Ru.
  3914 | D:4      | Found a hide-covered altar of Uskayaw.
  3976 | D:4      | Noticed Menkaure
  3992 | D:4      | Killed Menkaure
  3993 | D:4      | Reached skill level 5 in Armour
  4094 | D:4      | Found Dyhoh's Magic Scroll Shoppe.
  4482 | D:1      | Bought a scroll of enchant armour for 105 gold pieces
  4571 | D:5      | Entered Level 5 of the Dungeon
  4622 | D:5      | Reached XP level 9. HP: 48/48 MP: 10/10
  4783 | D:4      | Bought a scroll of identify for 26 gold pieces
  4857 | D:5      | Reached skill level 6 in Fighting
  5116 | D:5      | Found a hazy altar of Hepliaklqana.
  5507 | D:6      | Reached **** piety under Trog
  5530 | D:6      | Found a shimmering blue altar of Sif Muna.
  5659 | D:6      | Found the +8 demon blade "Leech" {vamp, Harm Drain rN+}
  5683 | D:6      | Found a staircase to the Ecumenical Temple.
  5781 | D:6      | Found an iron altar of Okawaru.
  5867 | D:6      | Found a white marble altar of Elyvilon.
  6127 | D:7      | Identified a scroll of acquirement
  6127 | D:7      | Acquired 444 gold pieces
  6137 | D:7      | Reached skill level 7 in Fighting
  6170 | D:7      | Found a flagged portal.
  6197 | Bailey   | Entered a bailey
  6392 | Bailey   | Reached XP level 10. HP: 56/56 MP: 11/11
  6446 | Bailey   | Reached skill level 8 in Fighting
  6449 | Bailey   | Noticed a gargoyle
  6463 | Bailey   | Killed a gargoyle
  7124 | D:7      | Reached ***** piety under Trog
  7130 | D:7      | Reached skill level 9 in Fighting
  7174 | D:7      | Found a glowing golden altar of the Shining One.
  8008 | D:8      | Found a snail-covered altar of Cheibriados.
  8097 | D:8      | Received a gift from Trog
  8467 | D:8      | Found a staircase to the Lair.
  8561 | D:8      | Reached skill level 1 in Shields
  8670 | D:9      | Found a runed translucent door.
  8671 | D:9      | Found a shimmering altar of Xom.
  8671 | D:9      | Noticed a +0 hand axe of chaos
  8671 | D:9      | Noticed Barbarella's ghost (novice MiBe)
  8873 | D:9      | Found a shadowy altar of Dithmenos.
  9029 | D:9      | Reached XP level 11. HP: 54/63 MP: 12/12
  9133 | D:9      | Reached skill level 10 in Fighting
  9187 | D:9      | Found a staircase to the Orcish Mines.
  9589 | D:9      | Killed Barbarella's ghost
  9599 | D:9      | Killed a +0 hand axe of chaos
  9600 | D:9      | Reached skill level 5 in Shields
  9673 | D:10     | Entered Level 10 of the Dungeon
  9736 | D:10     | Acquired a manual of Fighting
  9754 | D:10     | Reached skill level 10 in Short Blades
 10023 | D:10     | Identified the +4 trident of Absolution {spect, Fly Str+3}
 10115 | D:10     | Acquired a manual of Dodging
 10155 | D:10     | Found an opulent altar of Gozag.
 10536 | Lair:1   | Entered Level 1 of the Lair of Beasts
 10574 | Lair:1   | Found a transporter.
 10578 | Lair:1   | Noticed an oklob plant
 10582 | Lair:1   | Noticed a five-headed hydra
 10594 | Lair:1   | Noticed browni3141's ghost (journeyman MiBe)
 10604 | Lair:1   | Found a transporter.
 10738 | Lair:1   | Noticed a four-headed hydra
 10750 | Lair:1   | Killed a four-headed hydra
 10751 | Lair:1   | Reached skill level 11 in Fighting
 11468 | Lair:2   | Noticed a four-headed hydra
 11482 | Lair:2   | Killed a four-headed hydra
 11529 | Lair:2   | Reached XP level 12. HP: 71/71 MP: 13/13
 11640 | Lair:2   | Reached skill level 12 in Fighting
 11660 | Lair:2   | Noticed a five-headed hydra
 11674 | Lair:2   | Killed a five-headed hydra
 12050 | Lair:2   | Found a staircase to the Shoals.
 12137 | Lair:2   | Found a hole to the Spider Nest.
 12286 | Lair:2   | Reached skill level 13 in Fighting
 12603 | Lair:3   | Noticed a five-headed hydra
 12613 | Lair:3   | Killed a five-headed hydra
 12676 | Lair:3   | Found a dark tunnel.
 12686 | Volcano  | Entered a volcano
 12687 | Volcano  | Noticed a two-headed ogre
 12702 | Volcano  | Killed a two-headed ogre
 12703 | Volcano  | Reached skill level 14 in Fighting
 12720 | Volcano  | Noticed a two-headed ogre
 12724 | Volcano  | Killed a two-headed ogre
 12754 | Volcano  | Noticed a two-headed ogre
 12763 | Volcano  | Killed a two-headed ogre
 12811 | Volcano  | Reached skill level 15 in Fighting
 12830 | Volcano  | Reached skill level 5 in Dodging
 12841 | Volcano  | Noticed a two-headed ogre
 12873 | Volcano  | Killed a two-headed ogre
 12932 | Volcano  | Reached XP level 13. HP: 59/81 MP: 14/14
 13130 | Volcano  | Noticed a fire dragon
 13165 | Volcano  | Killed a fire dragon
 13808 | Lair:3   | Received a gift from Trog
 15351 | Lair:4   | Reached skill level 16 in Fighting
 16156 | Lair:5   | Reached skill level 10 in Dodging
 16230 | Lair:5   | Reached XP level 14. HP: 87/87 MP: 15/15
 16452 | Lair:5   | Found a staircase to the Slime Pits.
 16622 | Lair:5   | You fall into a shaft and drop 1 floor!
 16622 | Lair:6   | Entered Level 6 of the Lair of Beasts
 16681 | Lair:6   | Received a gift from Trog
 18226 | Lair:5   | Identified the +11 trident of Ruination {spect, *Rage rPois
                  | rC+}
 18472 | Lair:6   | Reached skill level 17 in Fighting
 18472 | Lair:6   | Noticed a dire elephant
 18497 | Lair:6   | Killed a dire elephant
 18614 | Lair:6   | Reached XP level 15. HP: 93/93 MP: 16/16
 18652 | Lair:6   | Received a gift from Trog
 18665 | Lair:6   | Reached skill level 1 in Throwing
 20588 | D:12     | Noticed Fannar
 20600 | D:12     | Killed Fannar
 20637 | D:12     | Noticed Snorg
 20647 | D:12     | Noticed Rupert
 20655 | D:12     | Killed Snorg
 20669 | D:12     | Killed Rupert
 21281 | D:13     | Identified the +8 scimitar "Xuod" {vorpal, Dex+4} (Trog
                  | gifted it to you on level 13 of the Dungeon)
 21281 | D:13     | Received a gift from Trog
 21369 | D:13     | Found a blossoming altar of Fedhas.
 22280 | D:14     | Reached skill level 10 in Shields
 22357 | D:14     | Found a gate to the Vaults.
 22890 | D:15     | Entered Level 15 of the Dungeon
 22922 | D:15     | Reached XP level 16. HP: 98/98 MP: 17/17
 23029 | D:15     | Received a gift from Trog
 23181 | D:15     | Reached ****** piety under Trog
 23562 | D:15     | Found a staircase to the Depths.
 23766 | D:15     | Found Opann's Distillery.
 23774 | D:15     | Bought a potion of degeneration for 15 gold pieces
 23928 | Orc:1    | Entered Level 1 of the Orcish Mines
 24369 | Orc:2    | Entered Level 2 of the Orcish Mines
 24529 | Orc:2    | Identified the +5 broad axe "Waevui" {vorpal, +Blink} (Trog
                  | gifted it to you on level 2 of the Orcish Mines)
 24529 | Orc:2    | Received a gift from Trog
 24596 | Orc:2    | Reached skill level 1 in Evocations
 24616 | Orc:2    | Reached skill level 5 in Throwing
 24730 | Orc:2    | Found a staircase to the Elven Halls.
 24772 | Orc:2    | Found Zuoshrok's Jewellery Emporium.
 24772 | Orc:2    | Found Lilyqa's Assorted Antiques.
 24782 | Orc:2    | Found Ubinna's Armour Boutique.
 24782 | Orc:2    | Found Sominy's Assorted Antiques.
 24792 | Orc:2    | Bought a scroll labelled BOR FAS PIQIR for 31 gold pieces
 24901 | Orc:2    | Found Fuih's Firing Range.
 25324 | Orc:2    | Bought the +1 pair of boots "Nadejuts" {Regen+ Stlth+} for
                  | 250 gold pieces
 25338 | Orc:2    | Bought the amulet of Pisk {Faith rC+ Int+4} for 998 gold
                  | pieces
 25338 | Orc:2    | Bought a ring of poison resistance for 320 gold pieces
 25665 | Spider:1 | Entered Level 1 of the Spider Nest
 25746 | Spider:1 | Noticed Asterion
 25849 | Spider:1 | Found a runed translucent door.
 25849 | Spider:1 | Noticed BobtheApe's ghost (journeyman FeSu)
 26144 | Spider:1 | Reached XP level 17. HP: 21/104 MP: 2/18
 26144 | Spider:1 | HP: 3/156 [spark wasp (14)]
 26144 | Spider:1 | Slain by a jumping spider

Illustrated notes

Levels and vault maps discovered:
D:1:      matt_arrival_grand_opening, layout_basic,
          dreamdust_ecumenical_altar_statues, serial_shops, shop,
          nicolae_shop_unique_rings, nicolae_figureground_sparkle
D:2:      layout_basic, uniq_robin
D:3:      layout_basic, led_xom_imps, gammafunk_ghost_mausoleum,
          kennysheep_generic_room_13, uniq_crazy_yiuf_cottage
D:4:      layout_basic, nicolae_uskayaw_murder_on_the_dancefloor,
          mainiacjoe_overflow_chevrons, lemuel_doored_altar, serial_shops,
          nicolae_shop_statue_plus, uniq_sigmund, uniq_duvessa, uniq_menkaure
D:5:      layout_rooms, general_overflow_altar, lightli_minifort
D:6:      minmay_inner_zag, layout_rooms, nicolae_elyvilon_temple_path,
          nicolae_vehumet_altar_sigil, nicolae_overflow_squiral,
          minmay_temple_entry_hall
D:7:      layout_gridville, nicolae_overflow_crystal_walls, enter_bailey_5,
          kennysheep_windowed_goal
D:8:      layout_basic, kennysheep_slug_shrine, david_lair_shrubbed
D:9:      layout_basic, mainiacjoe_overflow_surrounded_room, david_orc_5,
          ebering_ghost_xom, minmay_misc_feat_cross, minmay_misc_feat_x
D:10:     layout_roguey, nicolae_overflow_hidden_temple,
          kennysheep_generic_room_5
D:11:     layout_loops_ring
D:12:     layout_basic, uniq_fannar, uniq_rupert, uniq_snorg
D:13:     layout_cave_pools, special_room [special_room_bee],
          fedhas_bush_and_centaur_altar
D:14:     layout_roguey, grunt_vaults_entry_tiered, serial_park_tiny_1
D:15:     grunt_enter_depths_magical_seal, layout_basic,
          minmay_misc_feat_enclosed, serial_shops, nicolae_shop_statue_plus,
          st_stairs_12
Lair:1:   beast_lair_carwin_large_1, layout_gridlike, nzn_ghost_randoct
Lair:2:   layout_long_grid, elwin_shoals_entry_rooms,
          spider_nest_entry_funnel_web, grunt_megastairs_2
Lair:3:   layout_roguey, nicolae_volcano_entry_s_turn, beast_lair_carwin_4,
          serial_bayou_shore_a
Lair:4:   layout_cellular_growth
Lair:5:   layout_cave_pods, minmay_slime_entry_pillars, beast_lair_carwin_2
Lair:6:   hangedman_lair_caniforms_friends, layout_cave_pods,
          kilobyte_rumbling_trees
Spider:1: layout_spider_delve, gammafunk_ghost_grave, uniq_asterion
Orc:1:    layout_caves
Orc:2:    st_orc_ogre_mass, layout_diamond_mine, nicolae_shop_firing_range

Skill      XL: |  1  2  3  4  5  6  7  8  9 10 11 12 13 14 15 16 |
---------------+-------------------------------------------------+-----
Short Blades   | 3 4 5 6 7 8 9 11 12 | 12.0
Fighting       | 3 4 5 7 9 11 15 16 17 | 17.7
Armour         | 2 3 5 6 7 9 |  9.0
Shields        | 3 5 6 11 13 | 13.0
Dodging        | 5 10 12 | 12.2
Throwing       | 4 7 |  7.0
Evocations     | 3 |  3.6

Action                   |  1- 3 |  4- 6 |  7- 9 | 10-12 | 13-15 | 16-18 || total
-------------------------+-------+-------+-------+-------+-------+-------++-------
Melee: Short sword       |    50 |   152 |   417 |  1074 |   704 |       ||  2397
       Bite              |    24 |    44 |   130 |   399 |   910 |   304 ||  1811
       Dagger            |    42 |    17 |       |       |       |       ||    59
       Punch             |       |     3 |     6 |     7 |       |       ||    16
       Quick blade       |       |       |       |       |  1201 |   683 ||  1884
Throw: Stone             |     3 |       |     4 |    18 |    78 |       ||   103
       Dart              |       |       |       |       |     2 |     5 ||     7
Invok: Berserk           |     3 |     1 |     5 |     7 |     8 |     4 ||    28
       Trog's Hand       |       |       |     1 |     1 |     2 |     3 ||     7
       Brothers in Arms  |       |       |       |     1 |     1 |     2 ||     4
  Use: Scroll            |       |     2 |    13 |    17 |     5 |     2 ||    39
 Stab: Distracted        |       |       |       |     1 |     1 |       ||     2
Armor: Leather armour    |    18 |       |       |       |       |       ||    18
       Chain mail        |     9 |    57 |   178 |   258 |   457 |    83 ||  1042
       Plate armour      |       |       |       |       |       |    83 ||    83
Dodge: Dodged            |    34 |    44 |   128 |   192 |   443 |   191 ||  1032
Block: Buckler           |       |       |       |    82 |   163 |       ||   245
       Kite shield       |       |       |       |       |   159 |   273 ||   432
